 Dungeon Crawl Stone Soup version 0.31-a0-728-g01b46875f1 (webtiles) character file.

Game seed: 5020482933157445538

258416 quinnr the Cloud Mage (level 19, -1/134 HPs)
             Began as a Tengu Air Elementalist on Sept 8, 2023.
             Was the Champion of Vehumet.
             Slain by a formless jellyfish (18 damage)
             ... on level 4 of the Pits of Slime on Sept 12, 2023.
             The game lasted 02:18:32 (67428 turns).

quinnr the Cloud Mage (Tengu Air Elementalist)     Turns: 67428, Time: 02:18:33

Health: -1/134     AC: 11    Str: 14 (15) XL:     19   Next: 87%
Magic:  43/47      EV: 20    Int: 26      God:    Vehumet [******]
Gold:   1506       SH: 13    Dex: 17 (22) Spells: 5/52 levels left

rFire   + . .        O - +6 Majin-Bo {spellvamp, MP+6 Int+6}
rCold   + . .        N - +3 buckler {rPois}
rNeg    . . .        a - +2 robe {rC+ rF+}
rPois   +            w - +2 hat {Stlth+}
rElec   .            h - +1 cloak "Sobut" {Will- rCorr Str+8}
rCorr   +            T - +2 pair of gloves {Stlth+}
SInv    +            (boots unavailable)
Will    .....        n - amulet of reflection
Stlth   +++++++      Z - ring of wizardry
HPRegen 0.42/turn    v - ring of see invisible
MPRegen 0.30/turn

%: reflection, acrobat, wizardry (x1)
@: swift, flying, constricted, quick
A: beak, talons 3, evasive flight, acrobatic, agile 1, evolution 1
}: 2/15 runes: barnacled, gossamer
a: Renounce Religion


You were on level 4 of the Pits of Slime.
You worshipped Vehumet.
Vehumet was exalted by your worship.
You visited 7 branches of the dungeon, and saw 35 of its levels.
You also visited: Sewer, Ice Cave and Volcano.

You collected 4022 gold pieces.
You spent 2516 gold pieces at shops.


Innate Abilities, Weirdness & Mutations

You have a beak for a mouth.
You have claws for feet.
Your magical flight helps you evade attacks. (EV +4)
You can magically evade attacks while moving or waiting.
You are agile. (Dex +4, Str/Int -1)
You have hidden genetic potential.


   Skills:
 + Level 19.8 Fighting
 - Level 3.0 Staves
 - Level 12.0 Dodging
 - Level 10.0 Stealth
 - Level 4.0 Shields
 - Level 17.0 Spellcasting
 - Level 4.0 Conjurations
 - Level 5.0 Summonings
 - Level 4.0 Ice Magic
 + Level 21.8 Air Magic
 - Level 9.0 Poison Magic
 - Level 4.0 Evocations


You had 5 spell levels left.
You knew the following spells:

 Your Spells              Type           Power      Damage    Failure   Level
a - Airstrike             Air            47%        2d(7-23)  0%          4
c - Maxwell's Capacitive  Air            47%        ∞         1%          8
f - Freezing Cloud        Conj/Ice/Air   32%        6-21      1%          5
i - Swiftness             Air            94%        N/A       0%          3
l - Summon Lightning Spi  Summ/Air       75%        N/A       1%          4
m - Mephitic Cloud        Conj/Pois/Air  70%        N/A       1%          3
o - Olgreb's Toxic Radia  Pois           62%        N/A       1%          4
p - Poisonous Vapours     Pois/Air       100%       N/A       0%          2
t - Static Discharge      Conj/Air       100%       2-7/arc   0%          2
z - Shock                 Conj/Air       100%       1d9       0%          1
X - Arcjolt               Conj/Air       36%        1d46      1%          5
Y - Conjure Ball Lightni  Conj/Air       36%        3x3d12    1%          6

Your spell library contained the following spells:

 Spells                   Type           Power      Damage    Failure   Level
 Fire Storm               Conj/Fire      16%        8d4       100%        9
 Polar Vortex             Ice            21%        12d2*     100%        9
 Shatter                  Erth           11%        3d12*     100%        9
 Apportation              Tloc           44%        N/A       1%          1
 Foxfire                  Conj/Fire      100%       2x1d9     1%          1
 Kiss of Death            Conj/Necr      100%       2d13      1%          1
 Necrotise                Necr           88%        1d8       1%          1
 Summon Small Mammal      Summ           100%       N/A       1%          1
 Blink                    Tloc           44%        N/A       1%          2
 Cigotuvi's Dreadful Rot  Necr/Pois/Air  100%       N/A       1%          2
 Ensorcelled Hibernation  Hex/Ice        64%        N/A       1%          2
 Lesser Beckoning         Tloc           44%        N/A       1%          2
 Momentum Strike          Conj/Tloc      64%        3d9       1%          2
 Passwall                 Tmut/Erth      18%        N/A       1%          2
 Scorch                   Fire           44%        2d6       1%          2
 Wereblood                Tmut           22%        N/A       1%          2
 Call Canine Familiar     Summ           48%        N/A       1%          3
 Frozen Ramparts          Ice            84%        1d13      1%          3
 Inner Flame              Hex/Fire       22%        N/A       1%          3
 Ozocubu's Armour         Ice            42%        N/A       1%          3
 Stone Arrow              Conj/Erth      64%        3d11      1%          3
 Flame Wave               Conj/Fire      32%        2d9       1%          4
 Sticky Flame             Conj/Fire      32%        2d5       1%          4
 Silence                  Hex/Air        34%        N/A       1%          5
 Confusing Touch          Hex            22%        N/A       3%          3
 Gell's Gravitas          Tloc           22%        N/A       3%          3
 Sigil of Binding         Hex            22%        N/A       3%          3
 Teleport Other           Tloc           22%        N/A       3%          3
 Animate Armour           Summ/Erth      70%        N/A       4%          4
 Irradiate                Conj/Tmut      16%        3d17      4%          5
 Alistair's Intoxication  Tmut/Pois      30%        N/A       5%          5
 Lee's Rapid Deconstruct  Erth           11%        3d8*      10%         5
 Anguish                  Hex/Necr       11%        N/A       12%         4
 Animate Dead             Necr           22%        N/A       12%         4
 Dimensional Bullseye     Hex/Tloc       11%        N/A       12%         4
 Dispel Undead            Necr           22%        3d12      12%         4
 Leda's Liquefaction      Hex/Erth       11%        N/A       12%         4
 Petrify                  Tmut/Erth      22%        N/A       12%         4
 Metabolic Englaciation   Hex/Ice        16%        N/A       14%         5
 Plasma Beam              Fire/Air       34%        2x1d47    1%          6
 Eringya's Noxious Bog    Tmut/Pois      22%        4d6       8%          6
 Leda's Unmaking          Conj/Erth      16%        9d3       21%         6
 Starburst                Conj/Fire      16%        6d6       21%         6
 Summon Cactus Giant      Summ           24%        N/A       22%         6
 Ozocubu's Refrigeration  Ice            21%        4d12      41%         7
 Simulacrum               Ice/Necr       16%        N/A       58%         6
 Chain Lightning          Conj/Air       36%        3d48      75%         9
 Haunt                    Necr/Summ      17%        N/A       96%         7
 Malign Gateway           Summ/Tloc      17%        N/A       96%         7
 Lehudib's Crystal Spear  Conj/Erth      16%        10d5      99%         8
 Discord                  Hex            11%        N/A       100%        8
 Disjunction              Tloc           11%        N/A       100%        8
 Infestation              Necr           11%        N/A       100%        8
 Summon Horrible Things   Summ           24%        N/A       100%        8

Inventory:

Hand Weapons
 L - the +8 quarterstaff of Conscience {venom, rN++ Dex+4}
   (You found it on level 11 of the Dungeon)

   Dex+4:     It affects your dexterity (+4).
   rN++:      It greatly protects you from negative energy.
 O - the +6 Majin-Bo (weapon) {spellvamp, MP+6 Int+6}
   (You acquired it on level 13 of the Dungeon)

   Int+6:     It affects your intelligence (+6).
   MP+6:      It affects your magic capacity (+6).
Missiles
 H - 10 throwing nets {=f}
Armour
 a - a +2 robe of resistance (worn)
 h - the +1 cloak "Sobut" (worn) {Will- rCorr Str+8}
   (You found it on level 3 of the Dungeon)

   Str+8:     It affects your strength (+8).
   Will-:     It decreases your willpower.
   rCorr:     It protects you from acid and corrosion.
 k - a +2 cloak of willpower
 w - a +2 hat of stealth (worn)
 N - a +3 buckler of poison resistance (worn)
 T - a +2 pair of gloves of stealth (worn)
Magical Staves
 i - a staff of cold {!a}
 o - a staff of poison {!a}
 U - a staff of air {!a}
Jewellery
 e - an amulet of faith {!P}
 n - an amulet of reflection (around neck)
 v - a ring of see invisible (right hand)
 C - a ring of ice
 D - a +6 ring of dexterity
 F - the ring of Uqaiteith {Fire Drain Fly rElec Stlth+}
   (You found it in an ice cave)

   [ring of fire]

   Fire:      It enhances your fire magic.
   rF+:       It protects you from fire.
   rC-:       It makes you vulnerable to cold.
   rElec:     It insulates you from electricity.
   Fly:       It grants you flight.
   Drain:     It drains your maximum health when unequipped.
   Stlth+:    It makes you more stealthy.
 J - the ring of Vehumet, Thieving {rPois rN+ Dex+3}
   (You found it on level 3 of the Shoals)

   [ring of poison resistance]

   Dex+3:     It affects your dexterity (+3).
   rPois:     It protects you from poison rN+: It protects you from negative
   energy.
 P - a ring of poison resistance
 S - a +6 ring of strength
 Z - a ring of wizardry (left hand)
Wands
 f - a wand of mindburst (3)
 G - a wand of digging (6)
 M - a wand of flame (9)
 V - a wand of iceblast (8)
 W - a wand of charming (28)
 X - a wand of light (12)
Scrolls
 d - 7 scrolls of teleportation {@r2}
 l - 6 scrolls of blinking
 s - 3 scrolls of amnesia
 u - 5 scrolls of poison
 x - 5 scrolls of immolation
 Q - 2 scrolls of fog
 R - 5 scrolls of butterflies
Potions
 b - 4 potions of magic
 c - 5 potions of lignification
 g - 3 potions of invisibility
 j - 4 potions of attraction
 m - 2 potions of resistance
 p - 6 potions of enlightenment
 q - 10 potions of heal wounds {@q2}
 r - a potion of berserk rage {!q}
 t - a potion of mutation
 y - 6 potions of brilliance
 z - 9 potions of might
 A - 2 potions of cancellation
 B - 8 potions of curing {@q1}
 E - 12 potions of ambrosia
 Y - 4 potions of haste {@q3}
Miscellaneous
 I - a lightning rod (2/4)
 K - a phial of floods (inert)

Dungeon Overview and Level Annotations

Branches:
Dungeon (15/15)            Temple (1/1) D:7            Lair (5/5) D:11
 Shoals (4/4) Lair:3       Spider (4/4) Lair:2        Slime (4/5) Lair:4
    Orc (2/2) D:10            Elf (0/3) Orc:2        Vaults (0/5) D:13
 Depths (0/4) D:15          Sewer (visited)           IceCv (visited)
Volcano (visited)

Altars:
Ashenzari
Cheibriados
Dithmenos
Elyvilon
Fedhas
Gozag
Hepliaklqana
Kikubaaqudgha
Makhleb
Nemelex Xobeh
Okawaru
Qazlal
Ru
Sif Muna
Trog
Uskayaw
Vehumet
Wu Jian
Xom
Yredelemnul
Zin
The Shining One
Jiyva

Shops:
D:15 *   Orc:2 *?(:   Shoals:1 :   Shoals:2 *(*[=

Portals:
Pandemonium: Orc:2

Annotations:
Shoals:1 exclusions: downstairs and 1 more exclusion
Spider:1 exclusion: downstairs
Spider:2 exclusion: 2 downstairs

####...
##.#...### ##
#........## ###.#
#........# #....#
##.......#
......##......#
..........§...#
......J.J....##.
.......@.J.......
.........##..##.#
...>.........# #
..............#
........#....#.#
.#..#...#.......#
...............##
...............


You could see 3 formless jellyfish.


Message History

You block the formless jellyfish's attack.
The formless jellyfish constricts you.
* * * LOW HITPOINT WARNING * * *
You escape the formless jellyfish's grasp.
Acid dripping from the walls corrodes you.
The formless jellyfish shimmers eerily.
The formless jellyfish blinks!
The formless jellyfish stings you but does no damage.
The formless jellyfish completely misses you.
There is a stone staircase leading up here.
The formless jellyfish barely misses you.
The formless jellyfish grabs you.
You stop ascending the stairs.
The formless jellyfish constricts you.
* * * LOW HITPOINT WARNING * * *
The formless jellyfish shimmers eerily.
The formless jellyfish blinks!
You block the formless jellyfish's attack.
Unknown command.
Unknown command.
The formless jellyfish's grasp on you weakens, but your attempt to escape fails.
The formless jellyfish barely misses you.
The formless jellyfish constricts you.
* * * LOW HITPOINT WARNING * * *
The formless jellyfish shimmers eerily.
The formless jellyfish blinks!
You block the formless jellyfish's attack.
Unknown command.
The formless jellyfish's grasp on you weakens, but your attempt to escape fails.
The formless jellyfish stings you!!
You die...

Skill      XL: |  1  2  3  4  5  6  7  8  9 10 11 12 13 14 15 16 17 18 19 |
---------------+----------------------------------------------------------+-----
Conjurations   | 2 3 4 |  4.0
Air Magic      | 5 8 9 10 13 14 15 16 17 18 19 21 | 21.8
Fighting       | 1 5 6 9 10 11 12 15 17 19 | 19.8
Stealth        | 3 4 5 8 9 10 | 10.0
Dodging        | 3 4 5 8 9 11 12 | 12.0
Spellcasting   | 3 5 7 8 9 11 12 15 17 | 17.0
Evocations     | 3 4 |  4.0
Staves         | 3 |  3.0
Poison Magic   | 5 6 9 |  9.0
Ice Magic      | 3 4 |  4.0
Summonings     | 5 |  5.0
Shields        | 4 |  4.0

Action                     |  1- 3 |  4- 6 |  7- 9 | 10-12 | 13-15 | 16-18 | 19-21 || total
---------------------------+-------+-------+-------+-------+-------+-------+-------++-------
  Melee: Unarmed           |     4 |     6 |    12 |       |       |       |       ||    22
         Kick              |     1 |     2 |     7 |    11 |    39 |    24 |    19 ||   103
         Peck              |       |     1 |     2 |    11 |    24 |    12 |    13 ||    63
         Staff             |       |       |       |    29 |    63 |     8 |     7 ||   107
         Bo                |       |       |       |       |    10 |    44 |    29 ||    83
   Cast: Shock             |    73 |   146 |   294 |   134 |    85 |    50 |     4 ||   786
         Static Discharge  |       |     5 |    22 |    83 |   101 |    53 |     3 ||   267
         Airstrike         |       |       |    22 |   146 |   321 |   594 |   171 ||  1254
         Poisonous Vapours |       |       |       |    67 |    36 |    40 |     4 ||   147
         Mephitic Cloud    |       |       |       |    18 |    26 |     7 |     2 ||    53
         Freezing Cloud    |       |       |       |    26 |    95 |    74 |    19 ||   214
         Swiftness         |       |       |       |     5 |     3 |     6 |     7 ||    21
         Olgreb's Toxic Ra |       |       |       |       |    77 |    87 |    15 ||   179
         Summon Lightning  |       |       |       |       |    21 |    83 |    27 ||   131
         Arcjolt           |       |       |       |       |       |    70 |    72 ||   142
         Conjure Ball Ligh |       |       |       |       |       |     2 |     1 ||     3
         Maxwell's Capacit |       |       |       |       |       |     3 |    12 ||    15
  Evoke: Wand              |       |       |       |     3 |    11 |     7 |    11 ||    32
         Phial of floods   |       |       |       |       |       |     2 |     1 ||     3
         Lightning rod     |       |       |       |       |       |       |     5 ||     5
    Use: Scroll            |       |     1 |     3 |    22 |     7 |     9 |     5 ||    47
         Potion            |       |       |       |       |     2 |       |     3 ||     5
   Stab: Confused          |       |       |       |       |     2 |       |       ||     2
         Distracted        |       |       |       |       |       |     2 |       ||     2
 Armour: Robe              |     4 |    12 |    35 |   113 |   117 |   180 |   170 ||   631
  Dodge: Dodged            |    13 |    29 |    80 |   164 |   256 |   416 |   267 ||  1225
  Block: Other             |       |     3 |     2 |       |       |       |       ||     5
         Buckler           |       |       |    48 |    74 |   171 |   309 |   196 ||   798
         Reflection        |       |       |     4 |     5 |    11 |    20 |     3 ||    43

Levels and vault maps discovered:
D:1:      shiori_arrival_maze, layout_basic, nicolae_wormholes
D:2:      layout_basic, shapermc_ecumenical_altar_ellora, uniq_terence
D:3:      layout_rooms, lemuel_round_altar, tgw_kikubaaqudgha,
          grunt_ministairs_15, uniq_sigmund
D:4:      layout_loops_cross, portal_sewer_entry_a
D:5:      layout_loops_ring, old_standard_altar, mainiacjoe_overflow_catwalk,
          cheibrodos_gnoll_hut
D:6:      minmay_opposing_rooms, layout_basic, mainiacjoe_overflow_chevrons,
          hangedman_decor_opposing
D:7:      layout_rooms, mainiacjoe_overflow_six_doors_small,
          minmay_temple_entry_arrows
D:8:      layout_loops_ring, nicolae_overflow_crystal_walls,
          mainiacjoe_overflow_concentric_impassable,
          nicolae_tso_swordbearing_angel
D:9:      cheibrodos_elevator_heist, layout_long_grid,
          mainiacjoe_overflow_small_starburst, gammafunk_temple_overflow_wave
D:10:     minmay_polygon_palace, layout_small_grid, david_orc_2,
          minmay_misc_feat_ornament, lightli_elemental_guards
D:11:     layout_basic, minmay_lair_entry_grove
D:12:     layout_loops_ring, uniq_sonja
D:13:     layout_cave_pools, hellmonk_vaults_order_and_chaos, minivault_11,
          minmay_misc_feat_room, minmay_microvault, uniq_snorg
D:14:     layout_layer_cave, nicolae_gozag_cash_rules_everything_around_me
D:15:     hangedman_depths_entry_try_elsewhere_first, layout_stronghold,
          serial_bayou_pond_a, minmay_misc_feat_x,
          nicolae_shop_overcharged_wands
Temple:   hellmonk_temple_rainy
Lair:1:   layout_loops_ring, serial_forest, infiniplex_forest_split,
          infiniplex_forest_lined_2, infiniplex_forest_straight_1,
          infiniplex_forest_clump_long, infiniplex_forest_lined_3_way,
          infiniplex_forest_straight_3, ebering_ghost_inner_flame,
          infiniplex_staircase_pool_2, uniq_erica, uniq_amaemon
Lair:2:   layout_long_grid, nicolae_spider_entry_tight_spaces, enter_volcano_2,
          minivault_26, nicolae_lair_lakeside_cave
Lair:3:   layout_misc_corridors, nicolae_shoals_entry_roost,
          gauntlet_entry_generic, kennysheep_rathole, grunt_megastairs_2
Lair:4:   layout_regular_city, slime_entry_1
Lair:5:   evilmike_catoblepas_cave, layout_cave_shapes,
          hangedman_lair_unloving_vines, nicolae_lair_liquid_snakes,
          grunt_megastairs_5, lemuel_fruit_fields
Shoals:1: layout_shoals, serial_shops, shop_coins, lightli_airlock
Shoals:2: nicolae_shoals_mermall, layout_shoals, serial_shops,
          nicolae_shop_peninsula, gammafunk_ghost_grave
Shoals:3: layout_shoals, ebering_ghost_davey_jones, argonaut_gorgonesque,
          uniq_polyphemus
Shoals:4: shoals_end_hellmonk_storm_palace [storm_palace_center_square,
          storm_palace_corner_grid, storm_palace_corner_altar,
          storm_palace_corner_narrow, storm_palace_corner_blocked], uniq_mara
Spider:1: layout_spider_delve
Spider:2: layout_spider_delve, nicolae_spider_altar_of_dancing, uniq_donald
Spider:3: layout_spider_delve, special_room [special_room_bee], uniq_mlioglotl,
          uniq_azrael
Spider:4: spider_rune_water, uniq_roxanne
Slime:1:  layout_caves, basic_altar
Slime:2:  layout_caves, basic_altar
Slime:3:  layout_caves
Slime:4:  cheibrodos_slime_lost_civilization_9, layout_caves
Orc:1:    layout_caves, basic_altar
Orc:2:    pf_orc_diabolical, layout_diamond_mine,
          portal_ice_cave_entry_pillars_1

Notes
Turn   | Place    | Note
-------+----------+-------------------------------------------
     0 | D:1      | quinnr the Tengu Air Elementalist began the quest for the
                  | Orb.
     0 | D:1      | Reached XP level 1. HP: 10/10 MP: 4/4
   176 | D:1      | Reached skill level 2 in Conjurations
   183 | D:1      | Reached XP level 2. HP: 15/15 MP: 1/6
   531 | D:1      | Reached skill level 5 in Air Magic
   627 | D:1      | Reached skill level 1 in Fighting
   627 | D:1      | Reached XP level 3. HP: 20/20 MP: 5/7
  1134 | D:2      | Found a faded altar of an unknown god.
  1275 | D:2      | Upgraded the game from 0.31-a0-703-gcfe89afef6 to
                  | 0.31-a0-728-g01b46875f1
  1378 | D:2      | Reached skill level 3 in Stealth
  1378 | D:2      | Reached XP level 4. HP: 25/25 MP: 1/8
  1888 | D:2      | Noticed Terence
  1912 | D:2      | Killed Terence
  1913 | D:2      | Reached skill level 3 in Dodging
  2103 | D:3      | Reached XP level 5. HP: 29/29 MP: 2/9
  2359 | D:3      | Identified the +1 cloak "Sobut" {Will- rCorr Str+8}
  2397 | D:3      | Reached skill level 4 in Stealth
  2575 | D:3      | Found a snail-covered altar of Cheibriados.
  2576 | D:3      | Noticed Sigmund
  2675 | D:3      | Reached skill level 4 in Dodging
  2766 | D:3      | Identified the +1 pair of boots of Nice Music {Int+4
                  | Slay+3}
  2946 | D:3      | Found an ancient bone altar of Kikubaaqudgha.
  2947 | D:3      | Noticed a human
  2949 | D:3      | Killed a human
  3073 | D:4      | Noticed an ogre
  3082 | D:4      | Killed an ogre
  3083 | D:4      | Reached XP level 6. HP: 21/34 MP: 4/10
  3188 | D:4      | Reached skill level 5 in Dodging
  3188 | D:4      | Reached skill level 5 in Stealth
  3429 | D:4      | Found a glowing drain.
  3440 | Sewer    | Entered a sewer
  3561 | Sewer    | Learned a level 2 spell: Static Discharge
  3825 | D:4      | Gained mutation: Your magical flight helps you evade
                  | attacks. (EV +4) [Tengu growth]
  3825 | D:4      | Reached XP level 7. HP: 38/38 MP: 2/12
  4005 | D:4      | Reached skill level 3 in Spellcasting
  4367 | D:5      | Entered Level 5 of the Dungeon
  4374 | D:5      | Reached skill level 2 in Fighting
  4424 | D:5      | Found an ornate altar of the Wu Jian Council.
  4503 | D:5      | Found a white marble altar of Elyvilon.
  4612 | D:5      | Reached skill level 3 in Fighting
  4683 | D:5      | Reached skill level 4 in Fighting
  4925 | D:5      | Reached skill level 5 in Fighting
  4925 | D:5      | Reached XP level 8. HP: 38/49 MP: 0/13
  5770 | D:6      | Reached skill level 4 in Spellcasting
  5926 | D:6      | Reached skill level 5 in Spellcasting
  6143 | D:6      | Reached skill level 6 in Fighting
  6203 | D:6      | Noticed a red ugly thing
  6358 | D:5      | Learned a level 4 spell: Airstrike
  6605 | D:6      | Found a shimmering blue altar of Sif Muna.
  6968 | D:6      | Reached skill level 6 in Air Magic
  7112 | D:7      | Noticed a gargoyle
  7466 | D:7      | Killed a gargoyle
  7467 | D:7      | Reached skill level 8 in Air Magic
  7467 | D:7      | Reached XP level 9. HP: 55/55 MP: 6/17
  7557 | D:7      | Reached skill level 9 in Air Magic
  7732 | D:7      | Found a staircase to the Ecumenical Temple.
  7750 | Temple   | Entered the Ecumenical Temple
  7756 | Temple   | Became a worshipper of Vehumet
  8020 | D:7      | Found a burning altar of Makhleb.
  8025 | D:7      | Reached skill level 6 in Spellcasting
  8255 | D:8      | Reached skill level 1 in Evocations
  8311 | D:8      | Found an opulent altar of Gozag.
  8479 | D:8      | Reached skill level 3 in Conjurations
  8501 | D:8      | Reached skill level 2 in Evocations
  8585 | D:8      | Identified the +0 ring mail "Omaimegg" {Contam rN+++ Will-
                  | Dex+6}
  8646 | D:8      | Reached * piety under Vehumet
  8646 | D:8      | Offered knowledge of Freeze by Vehumet.
  9008 | D:8      | Found a sparkling altar of Nemelex Xobeh.
  9141 | D:8      | Found a glowing golden altar of the Shining One.
  9298 | D:8      | Reached skill level 3 in Evocations
  9561 | D:9      | Noticed a cyclops
  9566 | D:9      | Noticed a queen bee
  9628 | D:9      | Found a bloodstained altar of Trog.
  9641 | D:9      | Reached skill level 7 in Spellcasting
  9748 | D:9      | Reached XP level 10. HP: 43/60 MP: 17/21
  9757 | D:9      | Identified a potion of resistance
  9847 | D:9      | Reached skill level 4 in Evocations
  9933 | D:9      | Noticed a two-headed ogre
  9950 | D:9      | Killed a two-headed ogre
  9951 | D:9      | Reached skill level 7 in Fighting
 10122 | D:9      | Found a broken altar of Ashenzari.
 10122 | D:9      | Found a hazy altar of Hepliaklqana.
 10544 | D:9      | Reached skill level 8 in Fighting
 10763 | D:10     | Entered Level 10 of the Dungeon
 10768 | D:10     | Found a staircase to the Orcish Mines.
 10776 | D:10     | Offered knowledge of Poisonous Vapours by Vehumet.
 10781 | D:10     | Reached ** piety under Vehumet
 10791 | D:9      | Learned a level 2 spell: Poisonous Vapours
 10799 | D:10     | Reached skill level 1 in Staves
 11158 | D:10     | Reached skill level 2 in Staves
 11305 | D:10     | Learned a level 3 spell: Mephitic Cloud
 11370 | D:9      | Reached skill level 3 in Staves
 11698 | D:10     | Reached skill level 9 in Fighting
 11793 | D:10     | Found a large runed translucent door.
 11794 | D:10     | Found a large runed translucent door.
 11805 | D:10     | Reached skill level 1 in Poison Magic
 11923 | D:10     | Reached skill level 2 in Poison Magic
 12021 | D:10     | Reached skill level 3 in Poison Magic
 12179 | D:10     | Noticed a two-headed ogre
 12193 | D:10     | Killed a two-headed ogre
 12194 | D:10     | Reached skill level 5 in Poison Magic
 12488 | D:10     | Reached XP level 11. HP: 67/71 MP: 4/22
 12490 | D:10     | Reached skill level 6 in Dodging
 12491 | D:10     | Offered knowledge of Frozen Ramparts by Vehumet.
 12653 | D:10     | Reached skill level 7 in Dodging
 13295 | D:9      | Noticed a centaur warrior
 13301 | D:9      | Killed a cyclops
 13302 | D:9      | Reached skill level 8 in Dodging
 13411 | D:10     | Learned a level 5 spell: Freezing Cloud
 13414 | D:9      | Killed a centaur warrior
 13417 | D:9      | Reached skill level 1 in Ice Magic
 13494 | D:9      | Got the Tome of Experimentation
 13982 | D:11     | Noticed a cyan ugly thing
 14018 | D:11     | Reached skill level 4 in Conjurations
 14115 | D:11     | Identified the +8 quarterstaff of Conscience {venom, rN++
                  | Dex+4}
 14244 | D:11     | Reached skill level 2 in Ice Magic
 14533 | D:11     | Reached *** piety under Vehumet
 14562 | D:9      | HP: 5/71 [yak (7)]
 15071 | D:10     | Learned a level 3 spell: Swiftness
 15079 | D:10     | Reached skill level 10 in Air Magic
 15234 | D:10     | Paralysed by an air elemental for 1 turns
 15341 | D:11     | Reached skill level 3 in Ice Magic
 15508 | D:11     | Reached skill level 8 in Spellcasting
 15683 | D:11     | Found a staircase to the Lair.
 15762 | D:11     | Killed a cyan ugly thing
 16198 | D:11     | Noticed a boulder beetle
 16226 | D:11     | Killed a boulder beetle
 16227 | D:11     | Reached XP level 12. HP: 52/76 MP: 2/25
 16417 | D:11     | Reached skill level 4 in Ice Magic
 16597 | D:11     | Reached skill level 11 in Air Magic
 16794 | Lair:1   | Entered Level 1 of the Lair of Beasts
 17344 | Lair:1   | Reached skill level 9 in Spellcasting
 17511 | Lair:1   | Identified the +5 short sword of Floral Courage {flame,
                  | rPois Int+4}
 17633 | Lair:1   | Offered knowledge of Dazzling Flash by Vehumet.
 17634 | Lair:1   | Reached skill level 12 in Air Magic
 17683 | Lair:1   | Noticed Amaemon
 17705 | Lair:1   | Killed Amaemon
 17763 | Lair:1   | Got Roxanne's Parchment of Metamorphic Cleavage
 17953 | Lair:1   | Found a runed translucent door.
 17956 | Lair:1   | Noticed a death yak
 17958 | Lair:1   | Noticed Age's ghost (journeyman MiFi)
 18295 | Lair:1   | Noticed Erica
 18300 | Lair:1   | Killed Erica
 19143 | Lair:2   | Reached skill level 9 in Dodging
 19188 | Lair:2   | Reached skill level 13 in Air Magic
 19289 | Lair:2   | Found a hole to the Spider Nest.
 19305 | Lair:2   | Found a dark tunnel.
 19309 | Lair:2   | Reached skill level 10 in Fighting
 19315 | Volcano  | Entered a volcano
 20442 | Lair:2   | Noticed a dire elephant
 20694 | Lair:3   | Noticed a skyshark
 20704 | Lair:2   | Reached XP level 13. HP: 13/82 MP: 4/27
 21050 | Lair:3   | Reached **** piety under Vehumet
 21062 | Lair:3   | Reached skill level 10 in Dodging
 21155 | Lair:3   | Offered knowledge of Olgreb's Toxic Radiance by Vehumet.
 21228 | Lair:3   | Learned a level 4 spell: Olgreb's Toxic Radiance
 21407 | Lair:3   | Reached skill level 14 in Air Magic
 21967 | Lair:3   | Reached skill level 11 in Fighting
 22146 | Lair:3   | Found a staircase to the Shoals.
 22504 | Lair:3   | Reached skill level 11 in Dodging
 23249 | Lair:4   | Found a staircase to the Slime Pits.
 23332 | Lair:5   | Entered Level 5 of the Lair of Beasts
 23465 | Lair:4   | Reached skill level 10 in Spellcasting
 24029 | Lair:4   | Reached ***** piety under Vehumet
 24030 | Lair:4   | Reached skill level 11 in Spellcasting
 24032 | Lair:4   | Reached skill level 6 in Poison Magic
 24095 | Lair:4   | Reached XP level 14. HP: 88/90 MP: 1/30
 24234 | Lair:4   | Offered knowledge of Flame Wave by Vehumet.
 24644 | Lair:4   | Reached skill level 7 in Poison Magic
 25299 | Lair:5   | Reached skill level 8 in Poison Magic
 25829 | Lair:5   | Reached skill level 9 in Poison Magic
 26892 | Lair:5   | Reached skill level 6 in Stealth
 28442 | Lair:5   | Reached skill level 12 in Dodging
 28442 | Lair:5   | Reached skill level 7 in Stealth
 28442 | Lair:5   | Reached skill level 15 in Air Magic
 29815 | D:12     | Noticed Sonja
 29821 | D:12     | Killed Sonja
 30653 | D:13     | Identified 3 scrolls of acquirement
 30655 | D:13     | Acquired a book of Iron
 30656 | D:13     | Acquired a staff of air
 30657 | D:13     | Acquired the +6 Majin-Bo {spellvamp, MP+6 Int+6}
 30657 | D:13     | Found the +6 Majin-Bo {spellvamp, MP+6 Int+6}
 30736 | D:13     | Found a gate to the Vaults.
 30739 | D:13     | Noticed an ironbound preserver
 30747 | D:13     | Reached skill level 8 in Stealth
 30755 | D:13     | Killed an ironbound preserver
 30902 | D:13     | Reached XP level 15. HP: 79/94 MP: 24/31
 31198 | D:13     | Noticed Snorg
 31209 | D:13     | Killed Snorg
 31210 | D:13     | Reached skill level 16 in Air Magic
 31393 | D:13     | Reached skill level 9 in Stealth
 32346 | D:14     | Learned a level 4 spell: Summon Lightning Spire
 32562 | D:14     | Reached skill level 1 in Summonings
 32563 | D:14     | Reached skill level 1 in Shields
 33171 | D:14     | Found an opulent altar of Gozag.
 33425 | D:14     | Reached skill level 2 in Shields
 33717 | D:15     | Entered Level 15 of the Dungeon
 33831 | D:15     | Reached skill level 2 in Summonings
 34126 | D:15     | Found Oxkubost's Overcharged Wands.
 34222 | D:15     | Reached skill level 3 in Shields
 34256 | D:15     | Found a staircase to the Depths.
 34280 | D:15     | Offered knowledge of Plasma Beam by Vehumet.
 34460 | D:15     | Reached skill level 3 in Summonings
 35172 | D:15     | Reached skill level 4 in Shields
 35717 | D:15     | Found Oxkubost's Overcharged Wands.
 35801 | D:15     | Reached skill level 4 in Summonings
 36249 | D:15     | Found a staircase to the Depths.
 36419 | Orc:1    | Entered Level 1 of the Orcish Mines
 37323 | Orc:2    | Entered Level 2 of the Orcish Mines
 37334 | Orc:2    | Offered knowledge of Arcjolt by Vehumet.
 37357 | Orc:2    | Found Salinyp's Magic Scroll Emporium.
 37364 | Orc:2    | Found Renycagra's General Store.
 37365 | Orc:2    | Reached skill level 5 in Summonings
 37384 | Orc:2    | Reached skill level 12 in Fighting
 37427 | Orc:2    | Found a frozen archway.
 37446 | IceCv    | Entered an ice cave
 37846 | IceCv    | Reached skill level 12 in Spellcasting
 38216 | IceCv    | Learned a level 5 spell: Arcjolt
 38221 | IceCv    | Identified the +4 short sword of Generosity {flame, Fly rC-
                  | Dex+2}
 38321 | IceCv    | Reached XP level 16. HP: 53/103 MP: 9/33
 38514 | IceCv    | Reached skill level 13 in Fighting
 38777 | IceCv    | Offered knowledge of Ozocubu's Refrigeration by Vehumet.
 38869 | IceCv    | Identified the ring of Uqaiteith {Fire Drain Fly rElec
                  | Stlth+}
 40248 | Orc:2    | Reached skill level 14 in Fighting
 40252 | Orc:2    | Paralysed by an orc sorcerer for 3 turns
 40547 | Orc:2    | Identified a +2 robe of resistance
 40749 | Orc:2    | Found Ytsare's Antique Weapon Boutique.
 40749 | Orc:2    | Found Nihucker's Book Shop.
 40765 | Orc:2    | Found a one-way gate leading to the halls of Pandemonium.
 40808 | Orc:2    | Found a staircase to the Elven Halls.
 40823 | Orc:2    | Learned a level 6 spell: Conjure Ball Lightning
 41069 | Orc:2    | Bought a scroll of acquirement for 728 gold pieces
 41069 | Orc:2    | Acquired the Verses on the Escort and the Brume
 41159 | Lair:1   | Killed Age's ghost
 42130 | D:3      | Killed Sigmund
 42131 | D:3      | Offered knowledge of Orb of Destruction by Vehumet.
 43203 | Spider:1 | Entered Level 1 of the Spider Nest
 43419 | Spider:1 | Reached skill level 15 in Fighting
 44671 | Spider:1 | Reached skill level 10 in Stealth
 44917 | Spider:1 | Reached skill level 17 in Air Magic
 45265 | Spider:1 | Reached XP level 17. HP: 112/113 MP: 34/34
 45805 | Spider:1 | Reached skill level 13 in Spellcasting
 46200 | Spider:2 | Offered knowledge of Leda's Unmaking by Vehumet.
 46390 | Spider:2 | Noticed Donald
 46407 | Spider:2 | Killed Donald
 46732 | Spider:2 | Found a hide-covered altar of Uskayaw.
 47139 | Spider:3 | Reached skill level 18 in Air Magic
 47362 | Spider:3 | Noticed Mlioglotl
 48253 | Shoals:1 | Entered Level 1 of the Shoals
 48253 | Shoals:1 | Found Sonofu Rifu's Book Emporium.
 48470 | Shoals:1 | Bought a manual of Fighting for 1520 gold pieces
 48557 | Shoals:1 | Found a runed translucent door.
 48896 | Orc:2    | Bought a scroll of identify for 28 gold pieces
 49405 | Shoals:1 | Identified the +5 spear of Stickiness {venom, Will+}
 50106 | Shoals:1 | Offered knowledge of Maxwell's Capacitive Coupling by
                  | Vehumet.
 50132 | Shoals:1 | Reached skill level 14 in Spellcasting
 51946 | Shoals:2 | Identified a +2 robe of resistance
 52200 | Shoals:2 | Reached skill level 15 in Spellcasting
 52267 | Shoals:2 | Found a runed translucent door.
 52271 | Shoals:2 | Noticed Unonal's ghost (adept TeAE)
 52274 | Shoals:2 | Found Linaym's Visitors' Centre.
 52291 | Shoals:2 | Reached XP level 18. HP: 116/119 MP: 19/38
 52302 | Shoals:2 | Learned a level 8 spell: Maxwell's Capacitive Coupling
 52381 | Shoals:2 | Found Linaym's Merfolk Armours.
 52381 | Shoals:2 | Found Linaym's Merfolk Weapons.
 52775 | Shoals:2 | Found Tohy's Jewellery Shop.
 52893 | Shoals:2 | Killed Unonal's ghost
 53084 | Shoals:2 | Got Vucuucwafe's Compendium of the Sturgeon
 53679 | Shoals:4 | Entered Level 4 of the Shoals
 53679 | Shoals:4 | Noticed Mara
 53690 | Shoals:4 | Killed Mara
 53777 | Shoals:3 | Noticed Polyphemus
 53785 | Shoals:3 | Killed Polyphemus
 53786 | Shoals:3 | Reached skill level 16 in Spellcasting
 54384 | Shoals:3 | Got the Encyclopedia of Battle Magic
 55028 | Shoals:3 | Found a transporter.
 55031 | Shoals:3 | Found a transporter.
 55032 | Shoals:3 | Noticed Juakinleluo's ghost (adept HOFE)
 55387 | Shoals:3 | Killed Juakinleluo's ghost
 55545 | Shoals:3 | Identified the ring of Vehumet, Thieving {rPois rN+ Dex+3}
 55592 | Shoals:4 | Reached skill level 17 in Spellcasting
 56034 | Shoals:4 | Reached skill level 19 in Air Magic
 56291 | Shoals:4 | Reached skill level 16 in Fighting
 56965 | Shoals:4 | Identified the +5 short sword of Xeridgha {heavy, rC+}
 57146 | Shoals:4 | Paralysed by an air elemental for 1 turns
 57745 | Shoals:4 | Identified the +0 robe of the Stone Wall {+Blink rPois}
 57844 | Shoals:4 | Found a blossoming altar of Fedhas.
 57852 | Shoals:4 | Reached skill level 17 in Fighting
 58229 | Shoals:4 | Reached ****** piety under Vehumet
 58230 | Shoals:4 | Reached XP level 19. HP: 128/128 MP: 36/41
 58312 | Shoals:4 | Got a barnacled rune of Zot
 58388 | Shoals:4 | Reached skill level 20 in Air Magic
 59521 | Spider:3 | Noticed Azrael
 59528 | Spider:3 | Killed Azrael
 59529 | Spider:3 | Reached skill level 18 in Fighting
 60492 | Spider:2 | Killed Mlioglotl
 60835 | Spider:4 | Entered Level 4 of the Spider Nest
 60835 | Spider:4 | Noticed Roxanne
 61502 | Spider:4 | Killed Roxanne
 61970 | Spider:4 | Offered knowledge of Fire Storm by Vehumet.
 61970 | Spider:4 | Offered knowledge of Shatter by Vehumet.
 61970 | Spider:4 | Offered knowledge of Polar Vortex by Vehumet.
 62624 | Shoals:2 | Bought a ring of see invisible for 240 gold pieces
 63001 | Spider:4 | Reached skill level 19 in Fighting
 63274 | Spider:4 | Reached skill level 21 in Air Magic
 64126 | Spider:4 | Got a gossamer rune of Zot
 64815 | Slime:1  | Entered Level 1 of the Pits of Slime
 65223 | Slime:1  | Found a viscous altar of Jiyva.
 66003 | Slime:1  | Gained mutation: You are vulnerable to heat. (rF-) [a
                  | shining eye]
 66005 | Slime:1  | Gained mutation: You occasionally shout uncontrollably at
                  | your foes. [a shining eye]
 66026 | Slime:1  | Lost mutation: You occasionally shout uncontrollably at
                  | your foes. [potion of mutation]
 66026 | Slime:1  | Lost mutation: You are vulnerable to heat. (rF-) [potion of
                  | mutation]
 66026 | Slime:1  | Gained mutation: You are agile. (Dex +4, Str/Int -1)
                  | [potion of mutation]
 66026 | Slime:1  | Gained mutation: You have hidden genetic potential. [potion
                  | of mutation]
 67410 | Slime:4  | Paralysed by a formless jellyfish for 1 turns
 67420 | Slime:4  | Paralysed by a formless jellyfish for 1 turns
 67428 | Slime:4  | Slain by a formless jellyfish

Vanquished Creatures
  Mara (Shoals:4)
  Mlioglotl (Spider:2)
  A titan (Shoals:4)
  2 acid blobs
  The ghost of Juakinleluo the Scorcher, an adept HOFE of Vehumet (Shoals:3)
  Polyphemus (Shoals:3)
  A kraken (Shoals:3)
  Roxanne (Spider:4)
  The ghost of Unonal the Cloud Mage, an adept TeAE of Vehumet (Shoals:2)
  2 azure jellies
  2 rockslimes
  4 ghost moths (Spider:4)
  4 emperor scorpions
  A frost giant (IceCv)
  A formless jellyfish (Shoals:4)
  An ironbound preserver (D:13)
  3 dire elephants
  Azrael (Spider:3)
  3 spark wasps (Spider:4)
  Snorg (D:13)
  4 merfolk javelineers (Shoals:4)
  9 merfolk impalers
  An entropy weaver (Spider:1)
  A great orb of eyes (Slime:2)
  An ogre mage (D:15)
  5 hydras
  The ghost of Age the Peltast, a journeyman MiFi of Gozag (Lair:1)
  Erica (Lair:1)
  5 merfolk avatars
  5 catoblepae
  5 merfolk aquamancers
  6 centaur warriors
  An alligator (Lair:2)
  5 boulder beetles
  A jorogumo (Spider:4)
  An anaconda (Lair:2)
  6 two-headed ogres
  4 radroaches
  An alligator snapping turtle (Shoals:3)
  22 death yaks
  7 orc high priests
  4 demonic crawlers
  Amaemon (Lair:1)
  2 sixfirhies (Orc:2)
  9 skysharks
  Sonja (D:12)
  5 pharaoh ants
  9 sea snakes
  A sun moth (Spider:1)
  A glowing orange brain (D:13)
  11 orb spiders
  17 harpies
  3 orc knights
  A steelbarb worm (Lair:2)
  2 lindwurms
  2 deep elf pyromancers
  8 ugly things
  8 fauns (Shoals:1)
  5 orc sorcerers (Orc:2)
  16 wolf spiders
  2 shining eyes (Slime:1)
  16 manticores
  10 cyclopes
  51 slime creatures
  8 merfolk sirens
  8 elephants
  2 moths of wrath
  8 black mambas
  12 water nymphs
  An ice statue (IceCv)
  An orange demon (Lair:1)
  3 gargoyles
  5 torpor snails
  11 cane toads
  7 komodo dragons
  2 kobold demonologists
  2 unseen horrors
  A freezing wraith (D:13)
  A meliai (Spider:3)
  A hornet (shapeshifter) (D:13)
  A queen bee (Spider:3)
  A queen bee (shapeshifter) (D:9)
  6 trolls
  29 merfolk
  5 hornets (Spider:4)
  20 tarantellas
  8 wind drakes
  12 blink frogs
  6 polar bears
  25 dream sheep
  12 snapping turtles
  2 shadows (D:10)
  9 air elementals
  Sigmund (D:3)
  26 water elementals
  A wyvern (Lair:4)
  A ynoxinul (Orc:2)
  23 culicivoras
  12 jumping spiders
  A human (shapeshifter) (D:15)
  2 wraiths (D:10)
  11 basilisks
  5 fire elementals
  69 yaks
  A vampire mosquito (D:9)
  3 golden eyes (Slime:2)
  2 steam dragons
  3 wargs
  36 redbacks
  An acid dragon (D:6)
  3 hell hounds (Spider:3)
  20 water moccasins
  5 ice beasts
  A sky beast (D:6)
  4 black bears
  21 orc warriors
  20 wolves
  10 ogres
  12 centaurs
  A phantom (D:6)
  A kobold brigand (D:8)
  An earth elemental (D:10)
  11 bullfrogs
  4 scorpions
  5 gnoll sergeants
  21 killer bees
  4 howler monkeys
  7 electric eels
  5 lava snakes (Lair:5)
  2 gnoll boudas
  25 orc priests
  4 hounds
  A jelly (D:6)
  2 sleepcaps
  4 iguanas
  Terence (D:2)
  23 orc wizards
  3 hell rats
  37 gnolls
  7 adders
  10 river rats
  2 white imps (D:8)
  3 worms
  4 dart slugs
  71 orcs
  7 bats
  6 endoplasms
  3 giant cockroaches
  7 goblins
  4 hobgoblins
  12 kobolds
  8 quokkas
  8 ball pythons
  5 frilled lizards
  14 rats
1146 creatures vanquished.

Vanquished Creatures (collateral kills)
  Donald (Spider:2)
  3 emperor scorpions
  A merfolk javelineer (Shoals:4)
  2 merfolk impalers
  2 demonspawn (Orc:2)
  An alligator snapping turtle (Shoals:3)
  A boulder beetle (D:14)
  A merfolk aquamancer (Shoals:3)
  A demonic crawler (Spider:1)
  5 death yaks (IceCv)
  A skyshark (Shoals:3)
  A sea snake (Shoals:4)
  3 harpies
  A deep elf pyromancer (D:14)
  2 orc knights (Orc:2)
  4 wolf spiders
  An ugly thing (D:15)
  A cyclops (Shoals:3)
  An orc sorcerer (Orc:2)
  A merfolk siren (Shoals:4)
  A black mamba (Lair:2)
  2 water nymphs
  A cane toad (Lair:2)
  A torpor snail (Spider:1)
  A rime drake (IceCv)
  4 merfolk
  A troll (Orc:1)
  2 meliai (Spider:3)
  6 polar bears
  3 tarantellas
  2 snapping turtles
  5 slime creatures
  2 water elementals (Shoals:4)
  2 jumping spiders (Spider:1)
  A culicivora (Spider:4)
  A yak (IceCv)
  A basilisk (Shoals:3)
  4 redbacks
  A water moccasin (Lair:2)
  14 orc warriors
  An ogre (Orc:2)
  A centaur (D:14)
  5 wolves (IceCv)
  2 killer bees (Spider:3)
  4 orc priests (Orc:2)
  2 orc wizards (Orc:1)
  8 orcs
  2 kobolds (D:14)
114 creatures vanquished.

Vanquished Creatures (others)
  A water elemental (Shoals:4)
  A human (D:3)
  A gnoll (D:10)
  9 ball lightnings
  2 starspawn tentacles
  3 tentacles (Shoals:3)
17 creatures vanquished.

Grand Total: 1277 creatures vanquished

Table legend: (Time is in decaauts)
 A = Elapsed time spent in this place.
 B = Non-inter-level travel time spent in this place.
 C = Inter-level travel time spent in this place.
 D = Time resting spent in this place.
 E = Time spent auto-exploring this place.
 F = Levels seen in this place.
 G = Mean time per level.
                   A        B        C        D        E       F      G
               +--------+--------+--------+--------+--------+-----+--------+
         Total |  67605 |  62759 |   4846 |  15474 |  37635 |  38 | 1779.1 |
       Dungeon |  26104 |  24711 |   1393 |   4591 |  16647 |  15 | 1740.3 |
        Temple |     12 |     12 |      0 |      0 |      0 |   1 |   12.0 |
          Lair |  13811 |  12498 |   1313 |   3802 |   6743 |   5 | 2762.2 |
        Shoals |  11169 |  10172 |    997 |   2156 |   6475 |   4 | 2792.2 |
   Spider Nest |   9415 |   8485 |    930 |   2913 |   4118 |   4 | 2353.8 |
    Slime Pits |   2194 |   2149 |     45 |   1130 |    748 |   4 |  548.5 |
  Orcish Mines |   2714 |   2547 |    167 |    125 |   1970 |   2 | 1357.0 |
         Sewer |    240 |    240 |      0 |     49 |    140 |   1 |  240.0 |
      Ice Cave |   1884 |   1884 |      0 |    671 |    793 |   1 | 1884.0 |
       Volcano |     58 |     58 |      0 |     36 |      0 |   1 |   58.0 |
               +--------+--------+--------+--------+--------+-----+--------+

Top non-repeatable levels by time:
  Lair:5: 3649 daAuts
    D:10: 3540 daAuts
Shoals:4: 3309 daAuts
Spider:1: 3282 daAuts
  Lair:2: 3262 daAuts
Shoals:3: 2871 daAuts
Shoals:1: 2564 daAuts
  Lair:3: 2502 daAuts
    D:15: 2480 daAuts
Shoals:2: 2424 daAuts
Spider:4: 2392 daAuts
  Lair:4: 2389 daAuts
    D:11: 2370 daAuts
     D:9: 2159 daAuts
     D:6: 2086 daAuts

Table legend:
 A = Non-vault XP
 B = Vault XP
 C = Vault XP percentage of total XP
 D = Non-vault monster count
 E = Vault monster count
 F = Vault count percentage of total count
                 A         B        C        D         E       F
            +---------+---------+-------+---------+---------+-------
      Total |  232294 |  156247 |  40.2 |     811 |     451 |  35.7
            +---------+---------+-------+---------+---------+-------
        D:1 |      45 |       5 |  10.0 |      27 |       1 |   3.6
        D:2 |      65 |      41 |  38.7 |      18 |       2 |  10.0
        D:3 |     150 |     229 |  60.4 |      21 |       3 |  12.5
        D:4 |     318 |      19 |   5.6 |      17 |       3 |  15.0
        D:5 |     586 |      98 |  14.3 |      16 |       3 |  15.8
        D:6 |    1039 |    1085 |  51.1 |      21 |       9 |  30.0
        D:7 |    1210 |       0 |   0.0 |      14 |       0 |   0.0
        D:8 |    1039 |       0 |   0.0 |      32 |       0 |   0.0
        D:9 |    1480 |    2386 |  61.7 |      19 |       9 |  32.1
       D:10 |    2841 |    3665 |  56.3 |      22 |      26 |  54.2
       D:11 |    4040 |    1868 |  31.6 |      11 |      10 |  47.6
       D:12 |    4955 |     769 |  13.4 |      17 |       1 |   5.6
       D:13 |    4043 |    3119 |  43.5 |      14 |       4 |  22.2
       D:14 |    7499 |       0 |   0.0 |      20 |       0 |   0.0
       D:15 |   10532 |    2663 |  20.2 |      25 |       4 |  13.8
     Lair:1 |    4083 |    3718 |  47.7 |      17 |       5 |  22.7
     Lair:2 |    4833 |    8889 |  64.8 |      14 |      26 |  65.0
     Lair:3 |    6426 |    2301 |  26.4 |      22 |      15 |  40.5
     Lair:4 |   11175 |    1065 |   8.7 |      30 |       3 |   9.1
     Lair:5 |   15772 |   10320 |  39.6 |      36 |      34 |  48.6
   Shoals:1 |   11523 |    6075 |  34.5 |      22 |      11 |  33.3
   Shoals:2 |   18071 |    5721 |  24.0 |      41 |      11 |  21.2
   Shoals:3 |   15865 |   15085 |  48.7 |      31 |      24 |  43.6
   Shoals:4 |   23078 |   25551 |  52.5 |      51 |      48 |  48.5
   Spider:1 |   24768 |       0 |   0.0 |      65 |       0 |   0.0
   Spider:2 |    7489 |    5529 |  42.5 |      24 |      11 |  31.4
   Spider:3 |   11158 |    4536 |  28.9 |      16 |      32 |  66.7
   Spider:4 |    9804 |   21279 |  68.5 |      17 |      40 |  70.2
    Slime:1 |    6652 |       0 |   0.0 |      17 |       0 |   0.0
    Slime:2 |   10407 |       0 |   0.0 |      26 |       0 |   0.0
    Slime:3 |    2938 |       0 |   0.0 |       4 |       0 |   0.0
      Orc:1 |    4781 |       0 |   0.0 |      53 |       0 |   0.0
      Orc:2 |    3629 |   15369 |  80.9 |      31 |      55 |  64.0
      Sewer |       0 |      41 | 100.0 |       0 |       9 | 100.0
      IceCv |       0 |   14821 | 100.0 |       0 |      52 | 100.0
            +---------+---------+-------+---------+---------+-------

Levels and vault maps discovered:
D:1:      shiori_arrival_maze, layout_basic, nicolae_wormholes
D:2:      layout_basic, shapermc_ecumenical_altar_ellora, uniq_terence
D:3:      layout_rooms, lemuel_round_altar, tgw_kikubaaqudgha,
          grunt_ministairs_15, uniq_sigmund
D:4:      layout_loops_cross, portal_sewer_entry_a
D:5:      layout_loops_ring, old_standard_altar, mainiacjoe_overflow_catwalk,
          cheibrodos_gnoll_hut
D:6:      minmay_opposing_rooms, layout_basic, mainiacjoe_overflow_chevrons,
          hangedman_decor_opposing
D:7:      layout_rooms, mainiacjoe_overflow_six_doors_small,
          minmay_temple_entry_arrows
D:8:      layout_loops_ring, nicolae_overflow_crystal_walls,
          mainiacjoe_overflow_concentric_impassable,
          nicolae_tso_swordbearing_angel
D:9:      cheibrodos_elevator_heist, layout_long_grid,
          mainiacjoe_overflow_small_starburst, gammafunk_temple_overflow_wave
D:10:     minmay_polygon_palace, layout_small_grid, david_orc_2,
          minmay_misc_feat_ornament, lightli_elemental_guards
D:11:     layout_basic, minmay_lair_entry_grove
D:12:     layout_loops_ring, uniq_sonja
D:13:     layout_cave_pools, hellmonk_vaults_order_and_chaos, minivault_11,
          minmay_misc_feat_room, minmay_microvault, uniq_snorg
D:14:     layout_layer_cave, nicolae_gozag_cash_rules_everything_around_me
D:15:     hangedman_depths_entry_try_elsewhere_first, layout_stronghold,
          serial_bayou_pond_a, minmay_misc_feat_x,
          nicolae_shop_overcharged_wands
Temple:   hellmonk_temple_rainy
Lair:1:   layout_loops_ring, serial_forest, infiniplex_forest_split,
          infiniplex_forest_lined_2, infiniplex_forest_straight_1,
          infiniplex_forest_clump_long, infiniplex_forest_lined_3_way,
          infiniplex_forest_straight_3, ebering_ghost_inner_flame,
          infiniplex_staircase_pool_2, uniq_erica, uniq_amaemon
Lair:2:   layout_long_grid, nicolae_spider_entry_tight_spaces, enter_volcano_2,
          minivault_26, nicolae_lair_lakeside_cave
Lair:3:   layout_misc_corridors, nicolae_shoals_entry_roost,
          gauntlet_entry_generic, kennysheep_rathole, grunt_megastairs_2
Lair:4:   layout_regular_city, slime_entry_1
Lair:5:   evilmike_catoblepas_cave, layout_cave_shapes,
          hangedman_lair_unloving_vines, nicolae_lair_liquid_snakes,
          grunt_megastairs_5, lemuel_fruit_fields
Shoals:1: layout_shoals, serial_shops, shop_coins, lightli_airlock
Shoals:2: nicolae_shoals_mermall, layout_shoals, serial_shops,
          nicolae_shop_peninsula, gammafunk_ghost_grave
Shoals:3: layout_shoals, ebering_ghost_davey_jones, argonaut_gorgonesque,
          uniq_polyphemus
Shoals:4: shoals_end_hellmonk_storm_palace [storm_palace_center_square,
          storm_palace_corner_grid, storm_palace_corner_altar,
          storm_palace_corner_narrow, storm_palace_corner_blocked], uniq_mara
Spider:1: layout_spider_delve
Spider:2: layout_spider_delve, nicolae_spider_altar_of_dancing, uniq_donald
Spider:3: layout_spider_delve, special_room [special_room_bee], uniq_mlioglotl,
          uniq_azrael
Spider:4: spider_rune_water, uniq_roxanne
Slime:1:  layout_caves, basic_altar
Slime:2:  layout_caves, basic_altar
Slime:3:  layout_caves
Slime:4:  cheibrodos_slime_lost_civilization_9, layout_caves
Orc:1:    layout_caves, basic_altar
Orc:2:    pf_orc_diabolical, layout_diamond_mine,
          portal_ice_cave_entry_pillars_1
